Cogmind - Beta 14 @@@ ROGUE MODE // 2024.08.16 @ 20:43:49 Player: Cereal Killer Result: Destroyed by CJ-662(R) with Subdweller Laser Performance ------------- Evolutions (0) 0 Regions Visited (2) 400 Robots Destroyed (30) 150 Value Destroyed (837) 837 Prototype IDs (5) 100 Alien Tech Used (0) 0 Bonus (-31) -31 TOTAL SCORE: 1456 Bonus ------- Friendly Fire -31 Cogmind --------- Core Integrity 0/250 Matter 298/300 Energy 121/125 System Corruption 0% Temperature Cool (8) Movement Treading (160) Location -10/Subcaves Parts ------- > --- POWER (1) -------- Light Ion Engine > --- PROPULSION (2) --- Spiked Treads Spiked Treads > --- UTILITY (2) ------ Large Storage Unit Gun Armor > --- WEAPON (2+2) ----- (None) > --- INVENTORY (15) --- Subdweller Power Source Subdweller Power Source Subdweller Monowheel Subdweller Monowheel Subdweller Monowheel Disposable Heat Sink Medium Matter Pod (100) Subdweller Optics Improved Terrain Scanner Makeshift Light Armor Plating Hacking Suite Makeshift System Shield Datajack Shrapnel Trap Peak State ------------ > --- POWER ------------ Subdweller Power Source > --- PROPULSION ------- Spiked Treads Spiked Treads > --- UTILITY ---------- Large Storage Unit Gun Armor > --- WEAPON ----------- Subdweller Machine Gun Enhanced Flamer > --- INVENTORY -------- Light Ion Engine Subdweller Power Source Spiked Treads Subdweller Monowheel Subdweller Monowheel Medium Matter Pod Subdweller Optics Improved Terrain Scanner Makeshift Light Armor Plating Hacking Suite Makeshift System Shield Subdweller Machine Gun Datajack Shrapnel Trap [Rating: 24] Favorites ----------- Power Subdweller Power Source Engine Subdweller Power Source Propulsion Spiked Treads Treads Spiked Treads Wheel Wheel Utility Large Storage Unit Device Improved Terrain Scanner Storage Large Storage Unit Protection Gun Armor Weapon Slug Cannon Energy Gun Medium Laser Ballistic Gun Subdweller Machine Gun Ballistic Cannon Slug Cannon Special Weapon Enhanced Flamer Special Melee Weapon Datajack Build | -11 -10 -10 ------- Run | Yrd Mat Sub Slots Evolved . | . . . Power . | . . . Propulsion . | . . . Utility . | . . . Weapon . | . . . Parts Attached 47 | 8 9 30 Power 8 | 1 2 5 Engine 8 | 1 2 5 Core . | . . . Reactor . | . . . Propulsion 11 | 2 . 9 Treads 5 | . . 5 Leg . | . . . Wheel 6 | 2 . 4 Hover . | . . . Flight . | . . . Utility 7 | 2 1 4 Device 3 | 1 . 2 Storage 2 | 1 1 . Processor . | . . . Hackware . | . . . Protection 2 | . . 2 Artifact . | . . . Weapon 21 | 3 6 12 Energy Gun 2 | 1 1 . Energy Cannon . | . . . Ballistic Gun 4 | 2 . 2 Ballistic Cannon 8 | . 2 6 Launcher . | . . . Special Weapon 6 | . 2 4 Impact Weapon . | . . . Slashing Weapon . | . . . Piercing Weapon . | . . . Special Melee Weapon 1 | . 1 . Unidentified Prototypes 1 | . . 1 Parts Lost 11 | . . 11 Power . | . . . Propulsion 4 | . . 4 Utility . | . . . Weapon 7 | . . 7 Highest Loss Streak 3 | . . 3 To Critical Strikes . | . . . Average Slot Usage (%) 96 | . 100 95 Engine 13 | . 14 13 Treads 15 | . . 19 Wheel 11 | . 28 7 Device 11 | . 14 11 Storage 13 | . 14 13 Protection 1 | . . 2 Energy Gun 1 | . 5 . Ballistic Gun 6 | . 11 5 Ballistic Cannon 17 | . 10 19 Special Weapon 1 | . . 1 Peak Build Rating 24 | 9 10 24 Average Rating 15 | 4 9 17 On Entrance 6 | . 9 10 Naked Turns . | . . . Heaviest Build 41 | 12 32 41 Greatest Support 40 | 20 20 40 Greatest Overweight (x) 1 | . 1 1 Average Overweight (x) . | . . . Largest Inventory Capacity 15 | 8 15 15 Average Capacity 14 | 6 12 15 Most Carried 15 | 6 15 15 Average Carried 13 | 2 10 14 Final Capacity 15 | 8 15 15 Final Carried 15 | 5 15 14 Class Distribution -------------------- 48% | Mutant 39% | Derelict-Mutant 12% | Scavenger-Mutant Dominant Class ---------------- Mutant | -10/Materials Derelict-Mutant | -10/Subcaves Resources | -11 -10 -10 ----------- Run | Yrd Mat Sub Matter Collected 1928 | 235 318 1375 Remotely . | . . . Salvage Created 623 | 23 386 214 Parts 55 | 2 33 20 Haulers Intercepted 2 | . 2 . Recyclers Shooed . | . . . Parts Field Recycled . | . . . Retrieved Matter . | . . . Parts Self-Destructed 14 | . . 14 Prevented . | . . . Kills | -11 -10 -10 ------- Run | Yrd Mat Sub Combat Hostiles Destroyed 24 | . 10 14 Guns 6 | . 2 4 Cannons 18 | . 8 10 Classes Destroyed 6 | 1 4 1 Tunneler 2 | 1 1 . Hauler 2 | . 2 . Watcher 2 | . 2 . Swarmer 5 | . 4 1 Grunt 6 | . 6 . Subdweller 13 | . . 13 Best Kill Streak 4 | 1 4 3 Combat Bots Only 4 | . 4 3 Max Kills in Single Turn 2 | 1 2 1 Gunslinging . | . . . Exploded . | . . . Melee . | . . . Uniques/NPCs Destroyed . | . . . Combat | -11 -10 -10 -------- Run | Yrd Mat Sub Hostile Shots Fired 139 | . 29 110 Missed 35 | . 9 26 Damage Taken 1958 | . 220 1738 Core 250 | . . 250 Absorbed by Shields . | . . . Core Remaining (%) 100 | 100 . . Volleys Fired 172 | 3 46 123 Largest 2 | 2 2 2 Hottest 180 | 40 100 180 Shots Fired 311 | 6 83 222 Gun 114 | 6 44 64 Cannon 174 | . 31 143 Launcher . | . . . Special 23 | . 8 15 Kinetic 278 | 6 65 207 Thermal 33 | . 18 15 Explosive . | . . . Electromagnetic . | . . . Robot Hit Streak 29 | 5 11 29 Robot Miss Streak 5 | 1 5 3 Penetration Max . | . . . Secondary Targets . | . . . Shots Hit Robots 153 | 5 38 110 Core Hits 49 | 2 21 26 Critical Kills 1 | . . 1 Critical Parts Destroyed . | . . . Critical Strikes 6 | . 1 5 Burn 1 | . . 1 Destroy 3 | . . 3 Blast 2 | . 1 1 Melee Attacks . | . . . Impact . | . . . Slashing . | . . . Piercing . | . . . Sneak Attacks . | . . . Combat Hostiles . | . . . Follow-up Attacks . | . . . Damage Inflicted 2845 | 53 609 2183 Guns 975 | 53 276 646 Cannons 1717 | . 333 1384 Explosions . | . . . Melee . | . . . Ramming . | . . . Kinetic 2641 | 53 558 2030 Thermal 204 | . 51 153 Explosive . | . . . Electromagnetic . | . . . Impact . | . . . Slashing . | . . . Piercing . | . . . Highest Corruption 3 | . 3 3 Average Corruption 2 | . 2 2 Corruption Purged 3 | . . 3 Corruption Blocked . | . . . Effects 18 | . 2 16 Message Errors 5 | . . 5 Matter Fused 5 | . . 5 Heat Flow Errors 2 | . . 2 Data Loss (minor) 4 | . 1 3 Misfires 1 | . 1 . Alerts 1 | . . 1 Overload Shots . | . . . Overflow Damage . | . . . Projectiles . | . . . Explosions . | . . . Melee . | . . . Knockbacks 15 | . 4 11 Impact . | . . . Kinetic 14 | . 3 11 Secondary 1 | . 1 . Self-Inflicted Damage . | . . . Shots . | . . . Rammed . | . . . Targets Rammed . | . . . Kicked . | . . . Crushed . | . . . Highest Temperature 148 | . 138 148 Average Temperature 36 | . 33 42 Received Heat Transfer 339 | . 87 252 Siege Activations . | . . . Robots Corrupted . | . . . Combat Hostiles . | . . . Parts Fried . | . . . Impact Corruptions . | . . . Robots Melted . | . . . Combat Hostiles . | . . . Parts Melted 1 | . . 1 Heat Transferred 1428 | . 148 1280 Parts Sabotaged . | . . . Parts Stolen . | . . . Parts Stripped . | . . . Power Chain Reactions . | . . . Alert | -11 -10 -10 ------- Run | Yrd Mat Sub Peak Influence 269 | 5 269 . Initial 3 | . 3 . Average 100 | . 109 . Maximum Alert Level 1 | . 1 . Low Security (%) 81 | 100 80 . Level 1 18 | . 19 . Level 2 . | . . . Level 3 . | . . . Level 4 . | . . . Level 5 . | . . . High Security . | . . . Max Security . | . . . Squads Dispatched 2 | . 2 . Investigation 1 | . 1 . Extermination . | . . . Reinforcement 1 | . 1 . Assault . | . . . Garrison . | . . . Intercept . | . . . Searches Triggered . | . . . Construction Impeded . | . . . Haulers Reinforced . | . . . Active Scanning Responses . | . . . Cargo Convoy Interrupts . | . . . Stealth | -11 -10 -10 --------- Run | Yrd Mat Sub Distress Signals 3 | . 3 . Communications Jammed . | . . . Distress Signals . | . . . Times Spotted 35 | . 18 17 Peak Tracking Total 3 | . 3 3 Tactical Retreats 3 | . 3 . Traps | -11 -10 -10 ------- Run | Yrd Mat Sub Traps Triggered 3 | . 2 1 Indirectly . | . . . Trap Hack Attempts 3 | . 3 . Triggered . | . . . Disarmed 1 | . 1 . Reprogrammed . | . . . Reused . | . . . Traps Extracted . | . . . Installed . | . . . Triggered . | . . . Most Traps Carried 1 | . . 1 Machines | -11 -10 -10 ---------- Run | Yrd Mat Sub Machines Disabled . | . . . Max in Single Turn . | . . . Machines Repaired . | . . . Machines Dismantled . | . . . Machines Sabotaged . | . . . Overloaded Fab Kills . | . . . Hacking | -11 -10 -10 --------- Run | Yrd Mat Sub Machines Accessed 8 | . 8 . Terminals 7 | . 7 . Fabricators . | . . . Repair Stations 1 | . 1 . Recycling Units . | . . . Scanalyzers . | . . . Garrison Access . | . . . Total Hacks 23 | . 23 . Successful 14 | . 14 . Failed 9 | . 9 . Catastrophic . | . . . Database Lockouts . | . . . Manual 10 | . 10 . Terminals 22 | . 22 . Fabricators . | . . . Repair Stations 1 | . 1 . Recycling Units . | . . . Scanalyzers . | . . . Garrison Access . | . . . Terminal Hacks 10 | . 10 . Robot Analysis 5 | . 5 . Prototype ID Bank 3 | . 3 . Terminal Index 1 | . 1 . Zone Layout 1 | . 1 . Fabricator Hacks . | . . . Repair Station Hacks . | . . . Recycling Unit Hacks . | . . . Scanalyzer . | . . . Garrison Access Hacks . | . . . Unauthorized Hacks 4 | . 4 . Terminals 3 | . 3 . Assimilate 2 | . 2 . Botnet 1 | . 1 . Fabricators . | . . . Repair Stations 1 | . 1 . Mechanics 1 | . 1 . Recycling Units . | . . . Scanalyzers . | . . . Garrison Access . | . . . Data Cores Recovered . | . . . Used . | . . . Hacking Detections 6 | . 6 . Full Trace Events 1 | . 1 . Feedback Events . | . . . Feedback Blocked . | . . . Robot Schematics Acquired . | . . . Robots Built . | . . . Authchips . | . . . Time . | . . . Total Robot Build Rating . | . . . Part Schematics Acquired . | . . . Parts Built . | . . . Authchips . | . . . Time . | . . . Total Part Build Rating . | . . . Parts Repaired . | . . . Time . | . . . Parts Recycled . | . . . Recycled Matter . | . . . Retrieved Matter . | . . . Retrieved Components . | . . . Parts Scanalyzed . | . . . Part Schematics Acquired . | . . . Parts Damaged . | . . . Bothacking | -11 -10 -10 ------------ Run | Yrd Mat Sub Used RIF Installer . | . . . Robots Hacked . | . . . Non-combat . | . . . Combat . | . . . Robot Hacks Applied . | . . . Relay Couplers Released . | . . . Fabnet Peak Effective % . | . . . Robots Rewired . | . . . Allies Hacked . | . . . Hacks Repelled . | . . . Allies | -11 -10 -10 -------- Run | Yrd Mat Sub Total Allies 1 | . 1 . Largest Group 1 | . 1 . Highest-Rated Group 10 | . 10 . Highest-Rated Ally 10 | . 10 . Total Orders . | . . . Ally Attacks . | . . . Total Damage . | . . . Kills . | . . . Allies Corrupted . | . . . Allies Melted . | . . . Intel | -11 -10 -10 ------- Run | Yrd Mat Sub Robot Analysis Total 5 | . 5 . Derelict Logs Recovered . | . . . Drone Launches . | . . . Drone Recoveries . | . . . Exploration | -11 -10 -10 ------------- Run | Yrd Mat Sub Turns Passed 3751 | 68 744 2939 Spaces Moved 2365 | 49 629 1687 Core 1 | 1 . . Treads 1070 | . . 1070 Legs . | . . . Wheels 1294 | 48 629 617 Hover . | . . . Flight . | . . . Fastest Speed 50 | 50 80 95 Average Speed 127 | 79 89 143 Slowest Speed 260 | 80 95 260 Overloaded Moves . | . . . Propulsion Burnouts . | . . . Robots Hopped . | . . . Cave-ins Triggered . | . . . Exploration Rate (%) 56 | 3 90 76 Regions Visited 2 Branch Regions 1 Pre-discovered Areas 1 | . . 1 Known Exits Taken . | . . . Unknown Exits Taken 2 | 1 1 . Scrap Searched 12 | . . 12 Spaces Dug 2 | . 2 . Terrain Destroyed 15 | . 2 13 Melee . | . . . Projectile 15 | . 2 13 AOE . | . . . Terrain Rammed . | . . . Walls Destroyed . | . . . Machines Disabled . | . . . Actions | -11 -10 -10 --------- Run | Yrd Mat Sub Total 2762 | 71 713 1978 Wait 96 | . 9 87 Move 2363 | 48 628 1687 Hop . | . . . Pick Up 53 | 12 14 27 Fast Attach 1 | . . 1 Attach 17 | 7 . 10 Detach . | . . . Swap 29 | 1 9 19 Drop 28 | . 4 24 Fire 172 | 3 46 123 Melee . | . . . Ram . | . . . Kick . | . . . Crush . | . . . Escape Stasis . | . . . Rewire . | . . . Trap 3 | . 3 . Miscellaneous . | . . . Route ------- -11/Scrapyard -10/Materials (discovered 4 exits: [*Mat x2] / [*Min] / [*Sub]) -10/Subcaves (discovered 2 exits: [*Mat x2]) History --------- Turn | Location | Event 21 | -11/Scrapyard | Discovered new exit (range 16) 69 | -11/Scrapyard | Entered Materials 312 | -10/Materials | Build established: Mutant 480 | -10/Materials | Discovered new exit (range 6) 628 | -10/Materials | Discovered new exit (range 6) 763 | -10/Materials | Discovered new exit (range 16) 808 | -10/Materials | Discovered new exit (range 3) 813 | -10/Materials | Entered Subcaves 816 | -10/Subcaves | Learned location of Zion (-7) 816 | -10/Subcaves | Met a Zionite searching for "candidates" 913 | -10/Subcaves | A swath of the cavern ceiling suddenly collapsed 939 | -10/Subcaves | Discovered new exit (range 15) 1347 | -10/Subcaves | Shifting Twisted Machinery released Enh. Flamer 1391 | -10/Subcaves | Shifting Twisted Machinery released Spk. Treads 1406 | -10/Subcaves | Shifting Twisted Machinery released Flamer 1408 | -10/Subcaves | Shifting Twisted Machinery released Sub. Power Source 1605 | -10/Subcaves | Disturbed a concealed Subdweller 1903 | -10/Subcaves | A swath of the cavern ceiling suddenly collapsed 2185 | -10/Subcaves | Curiously followed by a Cobbler waking with a query about "LVR3C" 2244 | -10/Subcaves | Build established: Derelict-Mutant 2835 | -10/Subcaves | Discovered new exit (range 5) 3183 | -10/Subcaves | A Subdweller sparked back to life 3183 | -10/Subcaves | A Subdweller sparked back to life 3183 | -10/Subcaves | A Subdweller sparked back to life 3196 | -10/Subcaves | Core integrity fell below 50% 3247 | -10/Subcaves | Found Prototype Protection 3248 | -10/Subcaves | Identified Gun Armor 3250 | -10/Subcaves | Attached Gun Armor, gained temporary slots: Weapon x2 3262 | -10/Subcaves | Lost 3 parts (3w) 3535 | -10/Subcaves | Lost 3 parts (2n1w) 3607 | -10/Subcaves | Core integrity fell below 20% 3752 | -10/Subcaves | Destroyed by CJ-662(R) with Subdweller Laser Last Messages --------------- Acquired Sub. Power Source. Y7-78U(O) collects matter. Acquired Mak. Leg. Searching scrap... Found Spk. Treads. Found Sub. Optics. Found 50 Matter. Y7-78U(O) puts together Flamer. Dropped Sub. Monowheel. Acquired Spk. Treads. Acquired 20 matter. Dropped Mak. Leg. Acquired Sub. Monowheel. Y7-78U(O) collects matter. Dropped Broken Sub. Machine Gun. Acquired Flamer. 54-HL0(R) angrily emerges from the Twisted Machinery. Flamer destroyed. Sub. Machine Gun destroyed. Map ----- +----------------------------------------------------+ | ???????????????#????????????# ########??? | | ????????????????????? ??????# #?????????? | | ??????????????????????????#?# ## #??#??????? | | ???????????????????????????# #### ##?????????? | | ??????????????#????????????# ###??####??????????? | | ???????????????????????????####???##?????????????? | | ??????????????????????#?#???????????????#?#??????? | | ????????????????????????????????#????????????????? | | ??????????????????????????????????????????#???#??? | | ?????????????????????????????????????????????????? | | ??????????????????????????#??????????????????????? | | ????????????????????????????????#????????????????? | | ?????????????????????????????????????????????????? | | ?????????????????????????????????????????????????? | | ?????????????????????????????????????????????????? | | ? ?????????????????????????????????????????????? | | ?? ??????????###???????????????????????????????? | | ??# ?????????? #??#####???????????????????????? | | ??# ?????????# #### #=##??????????????????????? | | ??? ####????## ## ![= #??????????????????????? | | ???? ???## ####&"##??????????????????????? | | #???? ??? ## ####?????????????????????? | | ###??# ????# ### # ##????????????????????? | | #?## #?????# ## < R ##????????? ##???????? | | #### ####### O# * ## # #???????? | | #?# " ## R @ #???????? | | #?# """ #??????? | | #?# ""##" ### # ### ????? | | ####"""# # ## ###?##?????????????? | | ## """""" # ## ### ##??????????????????? | | """"""" #### ##?# ##???????????????????? | | " "" #### ##?# #? #????????????????????? | | "" #### ##?## ###????????????????????? | | "" ## ##### ##??????????????????????? | | "" "" ## ####???????????????????????? | | " "## ## ##??????????????????????????? | | # ### #### ##???????????????????????????? | | ########?# ####??###????????????????????????????? | | ?????????####????????????????????????????????????? | | ?????????????????????????????????????????????????? | | ?????????????????????????????????????????????????? | | ?????????????????????????????????????????????????? | | ?????????????????????????????????????????????????? | | ?????????????????????????????????????????????????? | | ?????????????????????????????????????????????????? | | ?????????????????????????????????????????????????? | | ?????????????????????????????????????????????????? | | ?????????????????????????????????????????????????? | | ?????????????????????????????????????????????????? | | ?????????????????????????????????????????????????? | +----------------------------------------------------+ Best States ------------- Heat Dissipation 25 Energy Generation 15 Energy Capacity 250 Matter Stores 300 Matter Capacity 300 Sight Range 16 Terrain Scan Range 16 Terrain Scan Density 10 Armor Coverage 100 Evasion (%) 44 Recoil Reduction 2 Item Schematics ----------------- None Robot Schematics ------------------ None Fabricated ------------ Nothing Alien Tech Used ----------------- None Achievements -------------- None Challenges ------------ None Game ------ Seed SpectralPoweredDissipator Manual? 0 Play Time 00:34:12 Cumulative 156.6 hours Start 2024.08.16 @ 20:13:25 End 2024.08.16 @ 20:43:49 Sessions 1 Manual Loads 0 Difficulty Rogue Special Mode None Game No. 146 Rogue 137 Adventurer 9 Explorer 0 Win Type - Total 0 Types 0/0/0/0/0/0/0/0/0 Lore% 63 Gallery% 64 Achievement% 52 Wizard Run 0 Options --------- Layout 1 ASCII 0 Keyboard 0 Movement Numpad Keybinds 0 Fullscreen 1 Font 24/Smallcaps Map View 50x35 Zoom Use 0% Tactical HUD 0 Map Filters NONE Filters NONE Steam 1 RUN: f5887c90-1e3c-4355-b2c6-fc41ba728e58